 Dungeon Crawl Stone Soup version 0.22-a0-525-gf69a080 (webtiles) character file.

3 Amnesiac the Ducker (level 1, 0/11 HPs)
             Began as a Spriggan Fighter on June 20, 2018.
             Slain by a worm (10 damage)
             ... on level 2 of the Dungeon.
             The game lasted 00:01:12 (34 turns).

Amnesiac the Ducker (Spriggan Fighter)                Turns: 34, Time: 00:01:13

Health: 0/11       AC:  2    Str: 12    XL:     1   Next: 41%
Magic:  2/2        EV: 19    Int:  9    God:
Gold:   12         SH:  6    Dex: 15    Spells: 0/0 levels left

rFire    . . .     SeeInvis +   a - +0 long sword
rCold    . . .     Gourm    .   c - +0 buckler
rNeg     . . .     Faith    .   b - +0 robe
rPois    .         Spirit   .   (helmet restricted)
rElec    .         Reflect  .   (no cloak)
rCorr    .         Harm     .   (gloves unavailable)
MR       .....                  (boots unavailable)
Stlth    +.........             (no amulet)
HPRegen  0.03/turn              (no ring)
MPRegen  0.08/turn              (no ring)

@: very quick
A: very small, unfitting armour, see invisible, herbivore, speed 3, slow
metabolism 2
a: no special abilities


You were on level 2 of the Dungeon.
You were not hungry.

You visited 1 branch of the dungeon, and saw 2 of its levels.

You collected 12 gold pieces.

Inventory:

Hand Weapons
 a - a +0 long sword (weapon)
Armour
 b - a +0 robe (worn)
 c - a +0 buckler (worn)
Potions
 d - a potion of might {!q}
Comestibles
 f - a ration


   Skills:
 - Level 2.4 Fighting
 + Level 1.9 Long Blades
 - Level 4.4 Dodging
 - Level 2.1 Shields


You couldn't memorise any spells.
You didn't know any spells.
Your spell library was empty.

Dungeon Overview and Level Annotations

Branches:
Dungeon (2/15)

Altars:
Makhleb
Okawaru


Innate Abilities, Weirdness & Mutations

You are very small and have problems with some larger weapons.
You are too small for most types of armour.
You have supernaturally acute eyesight. (SInv)
You are a herbivore.
You cover ground extremely quickly.
You need to consume almost no food.


Message History

Welcome, Amnesiac the Spriggan Fighter.
Will you be the one to retrieve the fabulous Orb of Zot from the depths?
Press ? for a list of commands and other information.
Found an escape hatch in the floor.
Found a staircase leading out of the dungeon.
There is an escape hatch in the floor here.
You slide downwards.
The hatch slams shut behind you.
A goblin comes into view.
The goblin shouts!
You hear a shout!
Found a club and 5 gold pieces.
Found a burning altar of Makhleb.
Found a stone staircase leading down.
Unknown command.
You hit the goblin.
You kill the goblin!
The cacodemon shouts!
You see here a goblin corpse.
Found a dagger.
A rat comes into view.
Found 7 gold pieces.
You see here 5 gold pieces.
You see here 5 gold pieces.
You now have 5 gold pieces.
Found an iron altar of Okawaru.
You hit the rat but do no damage. You block the rat's attack.
You closely miss the rat. The rat closely misses you.
A worm comes into view.
You barely miss the rat. The rat misses you. x2; You riposte.
You hit the rat.
You kill the rat!
A rat and a giant cockroach come into view.
A worm comes into view.
You see here a dagger.
You see here 7 gold pieces.
You now have 12 gold pieces (gained 7).
You block the giant cockroach's attack.
You barely miss the giant cockroach. You block the giant cockroach's attack.
The giant cockroach misses you.
You hit the giant cockroach.
The giant cockroach is heavily wounded.
The giant cockroach misses you.
You hit the giant cockroach but do no damage.
The giant cockroach is heavily wounded.
The giant cockroach barely misses you. The giant cockroach bites you.
You hit the giant cockroach.
The giant cockroach is severely wounded.
You block the giant cockroach's attack. x2
You closely miss the giant cockroach.
The giant cockroach is severely wounded.
The worm barely misses you. You block the giant cockroach's attack.
You hit the giant cockroach but do no damage.
The giant cockroach is severely wounded.
The giant cockroach completely misses you.
You riposte.
You barely miss the giant cockroach.
The giant cockroach is severely wounded.
You block the worm's attack. You block the giant cockroach's attack.
You slash the giant cockroach!
You kill the giant cockroach!
The worm bites you!
Ouch! That really hurt!
You die...

#....................
#...............#.#...
#........)..>...._....
#######.........#.#..
#..............
#.....w....####
####...)......#
#.....w....###
#.....@.......
#..........###
############


You could see 2 worms.

Vanquished Creatures
  A giant cockroach (D:2)
  A goblin (D:2)
  A rat (D:2)
3 creatures vanquished.

Notes
Turn   | Place    | Note
-------+----------+-------------------------------------------
     0 | D:1      | Amnesiac the Spriggan Fighter began the quest for the Orb.
     0 | D:1      | Reached XP level 1. HP: 11/11 MP: 2/2
     2 | D:2      | Found a burning altar of Makhleb.
     5 | D:2      | Noticed a cacodemon
    18 | D:2      | Found an iron altar of Okawaru.
    34 | D:2      | Slain by a worm

Vault maps used:
D:1:      dpeg_arrival_refuge
D:2:      grunt_temple_overflow_order_and_chaos_2, lemuel_crystal_altar,
          uniq_terence

Action                   || total
-------------------------++-------
Melee: Long sword        ||    11
Dodge: Dodged            ||     8
Block: Buckler           ||     8
       Rpst.: Long sword ||     2

Table legend:
 A = Spawn XP
 B = Non-spawn XP
 C = Spawn XP percentage of total XP
 D = Spawn monster count
 E = Non-spawn monster count
 F = Spawn count percentage of total count
 G = Total turns spent on level
                    A         B        C        D         E        F      G
               +---------+---------+-------+---------+---------+-------+---------
         Total |       0 |       5 |   0.0 |       0 |       3 |   0.0 |    34
               +---------+---------+-------+---------+---------+-------+---------
           D:2 |       0 |       5 |   0.0 |       0 |       3 |   0.0 |    32
               +---------+---------+-------+---------+---------+-------+---------
